[Event "ESP-ch Rapid 2018"]
[Site "Linares"]
[Date "2018.08.19"]
[Round "5"]
[White "Centron Antuna, Daniel"]
[Black "Gavilan Diaz, Mario"]
[Result "1-0"]
[ECO "D91"]
[WhiteElo "2231"]
[BlackElo "2334"]
[Annotator "NA"]
[PlyCount "59"]
[EventDate "2018.08.19"]
[EventType "team-tourn"]
[EventCountry "ESP"]
[SourceTitle "playchess.com"]
[Source "ChessBase"]
[SourceQuality "1"]
[TimeControl "900+5"]

1. d4 Nf6 2. Nf3 g6 3. c4 Bg7 4. Nc3 d5 5. Bg5 Ne4 6. Bf4 Nxc3 7. bxc3 dxc4 8. e4 c5 9. Bxc4 cxd4 10. cxd4 Nc6 11. d5 Na5 12. Bb5+ Kf8 13. Rc1 e5 14. Be3 b6 15. d6 Bb7 16. Rc7 h6 17. Qd3 Bf6 18. Bd2 Rb8 19. O-O Kg7 20. Rd7 Qg8 21. Bxa5 Bc8 22. Bc3 Bxd7 23. Bxd7 Qd8 24. Ba4 b5 25. Bb3 Rb6 26. Rd1 Re8 27. Ba5 Qd7 28. Bxb6 axb6 29. Rc1 Rd8 30. Qd5 1-0

[Event "ESP-ch Rapid 2018"]
[Site "Linares"]
[Date "2018.08.19"]
[Round "5"]
[White "Sande Edreira, Jose Antonio"]
[Black "Perez Candelario, Manuel"]
[Result "1/2-1/2"]
[ECO "A13"]
[WhiteElo "2230"]
[BlackElo "2611"]
[Annotator "RC"]
[PlyCount "77"]
[EventDate "2018.08.19"]
[EventType "team-tourn"]
[EventCountry "ESP"]
[SourceTitle "playchess.com"]
[Source "ChessBase"]
[SourceQuality "1"]
[TimeControl "900+5"]

1. c4 e6 2. Nf3 d5 3. b3 d4 4. g3 c5 5. Bg2 Nc6 6. O-O Nf6 7. d3 Be7 8. e3 O-O 9. exd4 cxd4 10. Re1 Nd7 11. Ba3 Bxa3 12. Nxa3 e5 13. Qd2 f6 14. b4 a5 15. b5 Ncb8 16. c5 Nxc5 17. Rac1 Nbd7 18. Nc4 Kh8 19. Nh4 g5 20. Nf5 Nb6 21. Ncd6 Nba4 22. f4 gxf4 23. gxf4 Bxf5 24. Nxf5 Qd7 25. Ng3 Rae8 26. fxe5 fxe5 27. Rf1 Nc3 28. Kh1 Ne6 29. Nh5 Qe7 30. Qh6 Ne2 31. Rce1 N6f4 32. Be4 Nxh5 33. Qxh5 Nf4 34. Qh6 Rf6 35. Qh4 Re6 36. Qxe7 R8xe7 37. Bf5 Rf6 38. Rxf4 exf4 39. Rxe7 1/2-1/2

[Event "ESP-ch Rapid 2018"]
[Site "Linares"]
[Date "2018.08.19"]
[Round "5"]
[White "Garcia Garcia, Adrian Antonio"]
[Black "Arroyo Rodriguez, Jesus"]
[Result "1-0"]
[ECO "B23"]
[WhiteElo "2179"]
[BlackElo "2099"]
[Annotator "NA"]
[PlyCount "55"]
[EventDate "2018.08.19"]
[EventType "team-tourn"]
[EventCountry "ESP"]
[SourceTitle "playchess.com"]
[Source "ChessBase"]
[SourceQuality "1"]
[TimeControl "900+5"]

1. e4 c5 2. Nc3 a6 3. g3 b5 4. Bg2 Bb7 5. f4 e6 6. d3 d5 7. e5 Ne7 8. Nf3 Nf5 9. O-O h5 10. Ne2 d4 11. Ng5 Qc7 12. c3 Nd7 13. Bd2 Nb6 14. cxd4 cxd4 15. Rc1 Qd7 16. Qb3 Nd5 17. Rfe1 Nde3 18. Bxe3 Bxg2 19. Bxd4 Bd5 20. Qc3 Nxd4 21. Qxd4 Qb7 22. Ne4 Rd8 23. Qe3 h4 24. g4 h3 25. N2c3 Bb4 26. Re2 Rc8 27. Nxd5 Qxd5 28. Rxc8+ 1-0

[Event "ESP-ch Rapid 2018"]
[Site "Linares"]
[Date "2018.08.19"]
[Round "5"]
[White "Fernandez De Bobadilla, Gabriel"]
[Black "Matnadze, Ana"]
[Result "0-1"]
[ECO "D36"]
[WhiteElo "2175"]
[BlackElo "2378"]
[Annotator "NA"]
[PlyCount "152"]
[EventDate "2018.08.19"]
[EventType "team-tourn"]
[EventCountry "ESP"]
[SourceTitle "playchess.com"]
[Source "ChessBase"]
[SourceQuality "1"]
[TimeControl "900+5"]

1. d4 Nf6 2. c4 e6 3. Nc3 d5 4. cxd5 exd5 5. Bg5 c6 6. Qc2 Be7 7. e3 Nbd7 8. Bd3 g6 9. Nge2 Nf8 10. O-O Ne6 11. Bxf6 Bxf6 12. b4 O-O 13. Na4 Qd6 14. Rab1 b5 15. Nc5 a5 16. a4 axb4 17. axb5 Be7 18. Rfc1 cxb5 19. Rxb4 Nc7 20. Bxb5 Rb8 21. Qb2 Bf5 22. Ng3 Bg4 23. Bf1 Rxb4 24. Qxb4 h5 25. h3 h4 26. Ne2 Bf5 27. Nf4 g5 28. Nfd3 Ne8 29. Qd2 Ng7 30. Ne5 f6 31. Ng4 Bg6 32. Bd3 f5 33. Ne5 Be8 34. Qa2 Bf6 35. f4 gxf4 36. exf4 Nh5 37. Qf2 Ng3 38. Be2 Qb6 39. Bf3 Ne4 40. Qa2 Qb4 41. Rd1 Nc3 42. Qd2 Bb5 43. Re1 Ra8 44. Kh2 Ra2 45. Qe3 Ne4 46. Nxe4 dxe4 47. Bd1 Kg7 48. Bh5 Qb2 49. Rg1 Ra3 50. Qc1 Qc3 51. Qxc3 Rxc3 52. Rb1 Ba6 53. Rb6 Ra3 54. Rc6 Bd8 55. Rd6 Ba5 56. Rd7+ Kf8 57. Rf7+ Kg8 58. Nd7 Bd8 59. Rxf5 Bf1 60. Kg1 Bd3 61. Re5 Ba5 62. Re7 e3 63. Nf6+ Kh8 64. Be2 Bf5 65. Re5 Ra1+ 66. Kh2 Be1 67. Nh5 Bg6 68. g4 Ra2 69. Rxe3 Bf2 70. Re5 Bxd4 71. Re6 Bf7 72. Re7 Bc4 73. Kg2 Bxe2 74. Re8+ Kh7 75. Re7+ Kg8 76. f5 Bxg4+ 0-1

[Event "ESP-ch Rapid 2018"]
[Site "Linares"]
[Date "2018.08.19"]
[Round "5"]
[White "De La Fuente Gonzalez, Francisco"]
[Black "Vazquez Gonzalez, Francisco"]
[Result "1-0"]
[ECO "A04"]
[WhiteElo "2174"]
[BlackElo "1926"]
[Annotator "NA"]
[PlyCount "59"]
[EventDate "2018.08.19"]
[EventType "team-tourn"]
[EventCountry "ESP"]
[SourceTitle "playchess.com"]
[Source "ChessBase"]
[SourceQuality "1"]
[TimeControl "900+5"]

1. Nf3 f5 2. g3 Nf6 3. Bg2 g6 4. O-O Bg7 5. d4 O-O 6. Nbd2 d6 7. Re1 Nc6 8. e4 fxe4 9. Nxe4 Nxe4 10. Rxe4 Bf5 11. Re3 Nb4 12. Re2 Bg4 13. Re4 Qd7 14. c3 Qf5 15. Rf4 Qh5 16. cxb4 Rxf4 17. Bxf4 e5 18. dxe5 dxe5 19. Qd5+ Kh8 20. Nxe5 h6 21. Nxg4 Qxg4 22. Be5 c6 23. Bxg7+ Kxg7 24. Qe4 Qd7 25. Re1 Kf7 26. Bf1 b5 27. Bd3 Qd6 28. Bc2 Rd8 29. Rd1 Qf6 30. Qxg6+ 1-0

[Event "ESP-ch Rapid 2018"]
[Site "Linares"]
[Date "2018.08.19"]
[Round "5"]
[White "Dominguez Alcon, Victor"]
[Black "De la Fuente de la Fuente, Alba"]
[Result "1-0"]
[ECO "A84"]
[WhiteElo "2172"]
[BlackElo "1659"]
[Annotator "NA"]
[PlyCount "69"]
[EventDate "2018.08.19"]
[EventType "team-tourn"]
[EventCountry "ESP"]
[SourceTitle "playchess.com"]
[Source "ChessBase"]
[SourceQuality "1"]
[TimeControl "900+5"]

1. d4 e6 2. c4 f5 3. Nc3 Nf6 4. Nf3 d5 5. Bf4 c6 6. e3 Bd6 7. Ne5 O-O 8. h3 Qe7 9. Bd3 Nbd7 10. g4 Ne4 11. Qc2 Bxe5 12. dxe5 Ndc5 13. gxf5 Nxd3+ 14. Qxd3 Nxc3 15. f6 gxf6 16. Qxc3 f5 17. Rg1+ Kf7 18. Bh6 Rg8 19. Rxg8 Kxg8 20. O-O-O Qh4 21. Rg1+ Kf7 22. Rg7+ Ke8 23. Qb4 Qxc4+ 24. Qxc4 dxc4 25. Rxh7 b5 26. Bg5 a5 27. h4 Rb8 28. Rc7 Bd7 29. h5 Rc8 30. Ra7 a4 31. h6 a3 32. h7 axb2+ 33. Kxb2 Kf7 34. Rxd7+ Kg6 35. Bf6 1-0

[Event "ESP-ch Rapid 2018"]
[Site "Linares"]
[Date "2018.08.19"]
[Round "5"]
[White "Rodriguez Martin, Emilio"]
[Black "Blazquez Gomez, Juan Carlos"]
[Result "1/2-1/2"]
[ECO "A43"]
[WhiteElo "2159"]
[BlackElo "2240"]
[Annotator "NA"]
[PlyCount "101"]
[EventDate "2018.08.19"]
[EventType "team-tourn"]
[EventCountry "ESP"]
[SourceTitle "playchess.com"]
[Source "ChessBase"]
[SourceQuality "1"]
[TimeControl "900+5"]

1. d4 c5 2. c3 cxd4 3. cxd4 Nf6 4. Nc3 g6 5. e4 d6 6. Nf3 Bg7 7. h3 O-O 8. Be3 a6 9. a4 Qa5 10. Qd2 Rd8 11. Be2 b5 12. b4 Qxb4 13. Rb1 Qa5 14. axb5 axb5 15. Bxb5 Ba6 16. O-O Rc8 17. Rfc1 Bxb5 18. Nxb5 Nc6 19. Qxa5 Nxa5 20. e5 dxe5 21. dxe5 Nd5 22. e6 fxe6 23. Bd4 Rxc1+ 24. Rxc1 Nb3 25. Re1 Nxd4 26. Nbxd4 e5 27. Nc6 Ra6 28. Ncxe5 Re6 29. Nc4 Rxe1+ 30. Nxe1 Kf7 31. g3 Bd4 32. Kg2 Nc3 33. Nc2 Bf6 34. N2e3 h6 35. h4 Bd4 36. Kf3 Bxe3 37. Nxe3 Nb5 38. Ke4 Ke6 39. f4 Nd6+ 40. Kd4 Nf5+ 41. Nxf5 gxf5 42. Kc5 h5 43. Kc6 Kf6 44. Kd5 Kf7 45. Ke5 e6 46. Kd4 Kf6 47. Ke3 e5 48. fxe5+ Kxe5 49. Kf3 Ke6 50. Ke3 Ke5 51. Kf3 1/2-1/2

[Event "ESP-ch Rapid 2018"]
[Site "Linares"]
[Date "2018.08.19"]
[Round "5"]
[White "Riquelme Valero, Manuel Damian"]
[Black "Ordonez Torres, Jesus"]
[Result "1-0"]
[ECO "E71"]
[WhiteElo "2150"]
[BlackElo "1989"]
[Annotator "NA"]
[PlyCount "65"]
[EventDate "2018.08.19"]
[EventType "team-tourn"]
[EventCountry "ESP"]
[SourceTitle "playchess.com"]
[Source "ChessBase"]
[SourceQuality "1"]
[TimeControl "900+5"]

1. d4 Nf6 2. c4 g6 3. Nc3 Bg7 4. e4 d6 5. h3 O-O 6. Bg5 c5 7. d5 e6 8. Bd3 exd5 9. exd5 Re8+ 10. Nge2 Nbd7 11. f4 a6 12. a4 Qe7 13. O-O Qe3+ 14. Kh1 Qe7 15. Qd2 Qf8 16. Rae1 h6 17. Bh4 Nh7 18. g4 Ndf6 19. f5 g5 20. Bg3 Nd7 21. Ng1 Be5 22. Bxe5 Nxe5 23. Nf3 f6 24. a5 Bd7 25. Nxe5 Rxe5 26. Rxe5 fxe5 27. f6 Nxf6 28. Ne4 Nxe4 29. Rxf8+ Rxf8 30. Bxe4 Rf4 31. Qd3 Kg7 32. Qb3 Rf7 33. Qb6 1-0

[Event "ESP-ch Rapid 2018"]
[Site "Linares"]
[Date "2018.08.19"]
[Round "5"]
[White "Guadamuro Torrente, Anabel"]
[Black "Pallardo Lozoya, Jose Vicente"]
[Result "0-1"]
[ECO "B13"]
[WhiteElo "2145"]
[BlackElo "2382"]
[Annotator "NA"]
[PlyCount "86"]
[EventDate "2018.08.19"]
[EventType "team-tourn"]
[EventCountry "ESP"]
[SourceTitle "playchess.com"]
[Source "ChessBase"]
[SourceQuality "1"]
[TimeControl "900+5"]

1. e4 c6 2. d4 d5 3. exd5 cxd5 4. Nf3 a6 5. c3 Nc6 6. Be2 Nf6 7. O-O Bf5 8. Bf4 h6 9. h3 e6 10. Nbd2 Bd6 11. Ne5 Qc7 12. Ndf3 Nd7 13. Re1 f6 14. Nxd7 Kxd7 15. Bxd6 Qxd6 16. c4 Rad8 17. Qb3 Kc8 18. c5 Qc7 19. Rad1 Be4 20. Qc3 Qa5 21. b4 Qxb4 22. Qe3 g5 23. a3 Qa4 24. Bd3 f5 25. Ne5 Nxe5 26. dxe5 d4 27. Qe2 Bc6 28. Bc4 Rhe8 29. Rb1 Qxa3 30. Rb6 d3 31. Qd2 Qxc5 32. Rb4 a5 33. Rbb1 Qxc4 34. Rec1 Qd5 35. f3 Re7 36. Rc3 Rc7 37. Rbc1 a4 38. Kh1 Rdd7 39. Rc5 Qd4 40. Qa5 Kd8 41. Qa8+ Rc8 42. Qa5+ Ke8 43. Qb6 d2 0-1

[Event "ESP-ch Rapid 2018"]
[Site "Linares"]
[Date "2018.08.19"]
[Round "5"]
[White "Galvez Extremera, Francisco"]
[Black "Guerrero Romero, Antonio"]
[Result "1-0"]
[ECO "B02"]
[WhiteElo "2142"]
[BlackElo "1895"]
[Annotator "NA"]
[PlyCount "39"]
[EventDate "2018.08.19"]
[EventType "team-tourn"]
[EventCountry "ESP"]
[SourceTitle "playchess.com"]
[Source "ChessBase"]
[SourceQuality "1"]
[TimeControl "900+5"]

1. e4 Nf6 2. e5 Nd5 3. Nc3 c6 4. Bc4 e6 5. Qg4 Nb6 6. Bb3 d5 7. exd6 Qxd6 8. Nf3 N8d7 9. Ne4 Qb4 10. c3 Qa5 11. O-O Nc5 12. Nxc5 Qxc5 13. d4 Qa5 14. Ne5 Nd5 15. Re1 Qd8 16. Qh5 Qc7 17. Bd2 g6 18. Qf3 Bg7 19. c4 Ne7 20. Qxf7+ 1-0

[Event "ESP-ch Rapid 2018"]
[Site "Linares"]
[Date "2018.08.19"]
[Round "5"]
[White "Perdomo Araujo, Angel Eduardo"]
[Black "Beltran De Heredia E, Miguel"]
[Result "1-0"]
[ECO "B56"]
[WhiteElo "2100"]
[BlackElo "2229"]
[Annotator "NA"]
[PlyCount "109"]
[EventDate "2018.08.19"]
[EventType "team-tourn"]
[EventCountry "ESP"]
[SourceTitle "playchess.com"]
[Source "ChessBase"]
[SourceQuality "1"]
[TimeControl "900+5"]

1. e4 c5 2. Nf3 d6 3. Nc3 Nf6 4. d4 cxd4 5. Nxd4 Nc6 6. g3 Bd7 7. Bg2 a6 8. O-O e6 9. Re1 Qc7 10. Nd5 Nxd5 11. exd5 Nxd4 12. Qxd4 e5 13. f4 f6 14. fxe5 fxe5 15. c4 Be7 16. Qd3 Rc8 17. b3 b5 18. cxb5 Bxb5 19. Qf5 g6 20. Qg4 Bd7 21. Qe2 Bb5 22. Qg4 Bd7 23. Qe4 O-O 24. Be3 Qa5 25. g4 Bh4 26. Rf1 g5 27. a4 Qc3 28. b4 Kg7 29. Rac1 Qb3 30. Rxc8 Rxf1+ 31. Bxf1 Bxc8 32. Bd3 Qd1+ 33. Kg2 Kf6 34. Qf3+ Qxf3+ 35. Kxf3 h6 36. b5 axb5 37. Bxb5 Be1 38. Bb6 e4+ 39. Kxe4 Bxg4 40. a5 Bf5+ 41. Ke3 Bxa5 42. Bxa5 Ke5 43. Bc6 Bb1 44. Bc3+ Kf5 45. Bb5 Ba2 46. Kd4 h5 47. Bb4 h4 48. Bd7+ Kg6 49. Bxd6 Bb3 50. h3 Bd1 51. Bg4 Bb3 52. Be5 Kf7 53. Kc5 Ba4 54. Kd6 Bb5 55. Kc7 1-0

[Event "ESP-ch Rapid 2018"]
[Site "Linares"]
[Date "2018.08.19"]
[Round "5"]
[White "Collado Barbas, Laura"]
[Black "Calzetta Ruiz, Monica"]
[Result "1-0"]
[ECO "A58"]
[WhiteElo "2095"]
[BlackElo "2302"]
[Annotator "NA"]
[PlyCount "127"]
[EventDate "2018.08.19"]
[EventType "team-tourn"]
[EventCountry "ESP"]
[SourceTitle "playchess.com"]
[Source "ChessBase"]
[SourceQuality "1"]
[TimeControl "900+5"]

1. d4 Nf6 2. c4 c5 3. d5 b5 4. cxb5 a6 5. bxa6 g6 6. Nc3 Bg7 7. Nf3 O-O 8. g3 Qa5 9. Bd2 Bxa6 10. Bg2 d6 11. O-O Nbd7 12. Rb1 Rfb8 13. a4 Qc7 14. b3 Ra7 15. Qc2 Rab7 16. Rfc1 Rb6 17. Be1 Ng4 18. h3 Nge5 19. Nd2 Nf6 20. f4 Ned7 21. Bf2 Rb4 22. Na2 R4b7 23. e4 Qd8 24. Re1 Ne8 25. Nf3 Nc7 26. Qd1 Bc4 27. Nd2 Bd3 28. Ra1 Bxa1 29. Qxa1 Ba6 30. e5 Ne8 31. e6 Ndf6 32. g4 Qa5 33. Qd1 Ng7 34. exf7+ Kxf7 35. Nc1 Qc3 36. Nf3 Rc7 37. Re3 Qa1 38. Ng5+ Kg8 39. Qe1 c4 40. b4 Qxa4 41. Rxe7 Rxe7 42. Qxe7 Qd1+ 43. Kh2 Qxc1 44. Qxf6 Rf8 45. Qxd6 Qxf4+ 46. Qxf4 Rxf4 47. Bc5 c3 48. d6 Bb5 49. Bd5+ Kh8 50. Nf7+ Rxf7 51. Bxf7 c2 52. Be3 h5 53. Bxg6 hxg4 54. hxg4 Ba4 55. Kg2 Ne6 56. Kf2 Kg7 57. Bd3 Kf6 58. b5 Ke5 59. Ke2 Kxd6 60. Kd2 Nc7 61. Bf4+ Kd7 62. Bf5+ Kd8 63. b6 Nd5 64. b7 1-0

[Event "ESP-ch Rapid 2018"]
[Site "Linares"]
[Date "2018.08.19"]
[Round "5"]
[White "Razola, Garcia Joaquin"]
[Black "Vinuela Diaz, Saul"]
[Result "0-1"]
[ECO "C47"]
[WhiteElo "2087"]
[BlackElo "2216"]
[Annotator "NA"]
[PlyCount "38"]
[EventDate "2018.08.19"]
[EventType "team-tourn"]
[EventCountry "ESP"]
[SourceTitle "playchess.com"]
[Source "ChessBase"]
[SourceQuality "1"]
[TimeControl "900+5"]

1. e4 e5 2. Nf3 Nf6 3. Nc3 Nc6 4. Bc4 Nxe4 5. Bxf7+ Kxf7 6. Nxe4 d5 7. Neg5+ Kg8 8. Qe2 h6 9. Nh3 Bg4 10. Qe3 Qf6 11. Qb3 Bxf3 12. gxf3 Rd8 13. c3 Qxf3 14. Rg1 Qxh3 15. Qxb7 Qd7 16. d3 Bc5 17. Bd2 Rb8 18. Qa6 Rxb2 19. Ke2 Rb6 0-1

[Event "ESP-ch Rapid 2018"]
[Site "Linares"]
[Date "2018.08.19"]
[Round "5"]
[White "Fernandez Diaz, Ignacio"]
[Black "Salvador Lopez, Daniel"]
[Result "0-1"]
[ECO "B13"]
[WhiteElo "2071"]
[BlackElo "2162"]
[Annotator "NA"]
[PlyCount "46"]
[EventDate "2018.08.19"]
[EventType "team-tourn"]
[EventCountry "ESP"]
[SourceTitle "playchess.com"]
[Source "ChessBase"]
[SourceQuality "1"]
[TimeControl "900+5"]

1. e4 c6 2. d4 d5 3. exd5 cxd5 4. c4 Nf6 5. Nc3 Nc6 6. Nf3 Bg4 7. Bg5 Bxf3 8. gxf3 dxc4 9. d5 Ne5 10. f4 Nd3+ 11. Bxd3 cxd3 12. Qxd3 a6 13. O-O-O Qd6 14. Qc4 b5 15. Qd4 Rc8 16. Bxf6 gxf6 17. Kb1 Rc4 18. Qa7 Bh6 19. Rhg1 Bxf4 20. Qa8+ Qb8 21. Qxa6 Be5 22. Rge1 O-O 23. Qxb5 Bxc3 0-1

[Event "ESP-ch Rapid 2018"]
[Site "Linares"]
[Date "2018.08.19"]
[Round "5"]
[White "Bento Iglesias, Pablo"]
[Black "Domingo Nunez, Ruben"]
[Result "0-1"]
[ECO "C00"]
[WhiteElo "2007"]
[BlackElo "2318"]
[Annotator "NA"]
[PlyCount "64"]
[EventDate "2018.08.19"]
[EventType "team-tourn"]
[EventCountry "ESP"]
[SourceTitle "playchess.com"]
[Source "ChessBase"]
[SourceQuality "1"]
[TimeControl "900+5"]

1. e4 e6 2. c4 c5 3. Nc3 Nc6 4. Nf3 Nd4 5. Nxd4 cxd4 6. Ne2 Qb6 7. d3 a5 8. g3 h5 9. h4 Bb4+ 10. Bd2 Nf6 11. Bh3 a4 12. Bxb4 Qxb4+ 13. Qd2 Qb6 14. e5 Ng8 15. Rc1 Ra5 16. O-O Ne7 17. Nxd4 Rxe5 18. Nf3 Ra5 19. d4 d6 20. Rfd1 O-O 21. Ng5 e5 22. Qc2 g6 23. c5 dxc5 24. dxe5 Bxh3 25. Nxh3 Nf5 26. Nf4 Nd4 27. Qc3 Rb5 28. Nd5 Ne2+ 29. Kf1 Nxc3 30. Nxb6 Nxd1 31. Nd7 Nxb2 32. Nxf8 Kxf8 0-1

[Event "ESP-ch Rapid 2018"]
[Site "Linares"]
[Date "2018.08.19"]
[Round "5"]
[White "Blazquez Gomez, Miguel"]
[Black "Garcia Romero, Benjamin Abel"]
[Result "0-1"]
[ECO "B20"]
[WhiteElo "1998"]
[BlackElo "2230"]
[Annotator "NA"]
[PlyCount "108"]
[EventDate "2018.08.19"]
[EventType "team-tourn"]
[EventCountry "ESP"]
[SourceTitle "playchess.com"]
[Source "ChessBase"]
[SourceQuality "1"]
[TimeControl "900+5"]

1. e4 c5 2. a3 g6 3. b4 Bg7 4. Nc3 b6 5. bxc5 bxc5 6. Rb1 Nc6 7. Nf3 Nf6 8. Bb5 O-O 9. O-O Nd4 10. Bc4 d6 11. h3 Bd7 12. Re1 Nh5 13. Nxd4 cxd4 14. Ne2 Rc8 15. d3 e5 16. Bd2 Kh8 17. Rb7 Rxc4 18. dxc4 Bc6 19. Rb3 Qa8 20. f3 Bf6 21. g4 Ng7 22. g5 Bd8 23. Qb1 Bb6 24. Ng3 Ne6 25. Kh2 Qc8 26. Rxb6 axb6 27. Qxb6 Qd7 28. Rb1 Rc8 29. h4 h5 30. gxh6 Qe7 31. Bg5 Nxg5 32. hxg5 Qxg5 33. Qb4 Bd7 34. Kg2 f5 35. exf5 gxf5 36. Qxd6 f4 37. Kf1 Bh3+ 38. Ke2 fxg3 39. Rb3 g2 40. f4 Bg4+ 41. Kf2 Qxf4+ 42. Kxg2 Bf3+ 43. Rxf3 Rg8+ 44. Kf2 Qd2+ 45. Kf1 Qd1+ 46. Kf2 Qg1+ 47. Ke2 Rg2+ 48. Kd3 Qd1+ 49. Ke4 Qe2+ 50. Kd5 Qxf3+ 51. Kc5 Qf5 52. Qb8+ Rg8 53. Qd6 Qc8+ 54. Kd5 Rd8 0-1

[Event "ESP-ch Rapid 2018"]
[Site "Linares"]
[Date "2018.08.19"]
[Round "5"]
[White "Ruiz Casado, Francisco Javier"]
[Black "Estremera Panos, Sergio"]
[Result "0-1"]
[ECO "E00"]
[WhiteElo "1975"]
[BlackElo "2337"]
[Annotator "NA"]
[PlyCount "96"]
[EventDate "2018.08.19"]
[EventType "team-tourn"]
[EventCountry "ESP"]
[SourceTitle "playchess.com"]
[Source "ChessBase"]
[SourceQuality "1"]
[TimeControl "900+5"]

1. d4 Nf6 2. c4 e6 3. e3 d5 4. Nf3 c5 5. Nc3 a6 6. cxd5 exd5 7. dxc5 Bxc5 8. a3 Nc6 9. Be2 O-O 10. O-O Ba7 11. b4 d4 12. exd4 Nxd4 13. Nxd4 Bxd4 14. Qd3 Bg4 15. Bb2 Re8 16. Bxg4 Bxf2+ 17. Rxf2 Qxd3 18. Rd1 Qe3 19. Bf3 Rad8 20. Nd5 Nxd5 21. Bxd5 Rxd5 22. Rxd5 f6 23. Rd1 Rc8 24. Kf1 Qe4 25. Re1 Qd3+ 26. Kg1 Rc2 27. Rxc2 Qxc2 28. Bc1 Kf7 29. h3 h5 30. Rf1 Qc4 31. Re1 Qd4+ 32. Kh1 h4 33. Rf1 Qc4 34. Kg1 Qd5 35. Kh1 g5 36. Kg1 Kg6 37. Kh1 f5 38. Kg1 Qd4+ 39. Kh1 Qd3 40. Kg1 Qe2 41. Rf2 Qd1+ 42. Rf1 Qc2 43. Re1 g4 44. hxg4 fxg4 45. Be3 h3 46. gxh3 gxh3 47. Bf2 Qc6 48. Kf1 h2 0-1

[Event "ESP-ch Rapid 2018"]
[Site "Linares"]
[Date "2018.08.19"]
[Round "5"]
[White "Redondo Flores, David"]
[Black "Iglesias Leon, Francisco J"]
[Result "1/2-1/2"]
[ECO "C41"]
[WhiteElo "1971"]
[BlackElo "2129"]
[Annotator "NA"]
[PlyCount "51"]
[EventDate "2018.08.19"]
[EventType "team-tourn"]
[EventCountry "ESP"]
[SourceTitle "playchess.com"]
[Source "ChessBase"]
[SourceQuality "1"]
[TimeControl "900+5"]

1. e4 d6 2. d4 Nf6 3. Nc3 e5 4. Nf3 Nbd7 5. Bc4 Be7 6. O-O O-O 7. Re1 b6 8. Qe2 Bb7 9. d5 c6 10. h3 cxd5 11. Nxd5 Nxd5 12. Bxd5 Bxd5 13. exd5 Rc8 14. c4 a6 15. b3 f5 16. Ba3 Nc5 17. Nd4 exd4 18. Qxe7 Qxe7 19. Rxe7 Rce8 20. Rae1 Rxe7 21. Rxe7 Rf7 22. Re8+ Rf8 23. Re7 Rf7 24. Re8+ Rf8 25. Re7 Rf7 26. Re8+ 1/2-1/2

[Event "ESP-ch Rapid 2018"]
[Site "Linares"]
[Date "2018.08.19"]
[Round "5"]
[White "Vazquez Pino, Miguel A"]
[Black "Cuesta Bustos, Raul"]
[Result "1/2-1/2"]
[ECO "C06"]
[WhiteElo "1909"]
[BlackElo "2126"]
[Annotator "NA"]
[PlyCount "129"]
[EventDate "2018.08.19"]
[EventType "team-tourn"]
[EventCountry "ESP"]
[SourceTitle "playchess.com"]
[Source "ChessBase"]
[SourceQuality "1"]
[TimeControl "900+5"]

1. e4 e6 2. d4 d5 3. Nd2 Nf6 4. e5 Nfd7 5. Bd3 c5 6. c3 Nc6 7. Ne2 cxd4 8. cxd4 f6 9. exf6 Nxf6 10. Nf3 Bd6 11. O-O Qc7 12. Bd2 O-O 13. Rc1 g6 14. Re1 Qg7 15. Nf4 Ne4 16. Bxe4 Bxf4 17. Bb1 Nxd4 18. Nxd4 Qxd4 19. Bc3 Qxd1 20. Rcxd1 Bd7 21. g3 Bd6 22. h4 Rf7 23. Bd4 b6 24. Kg2 Rc8 25. Rh1 e5 26. h5 exd4 27. hxg6 hxg6 28. Bxg6 Rg7 29. Bb1 Bc5 30. Rh4 Rf8 31. Rdh1 Kf7 32. a3 a5 33. Ba2 Bc6 34. Rh6 Ba8 35. b4 axb4 36. axb4 Bxb4 37. Rxb6 Bc3 38. Ra6 Kg8 39. Rxa8 Rxa8 40. Bxd5+ Kf8 41. Bxa8 d3 42. Be4 d2 43. Bf3 Re7 44. Rh5 Rd7 45. Bd1 Kg7 46. Rf5 Re7 47. Rf3 Ba5 48. Rd3 Re1 49. Bg4 Kf6 50. f4 Bb4 51. Bf3 Re6 52. g4 Rd6 53. Rxd6+ Bxd6 54. Kg3 Kg6 55. Bd1 Kf6 56. g5+ Kg7 57. Kg4 Bb4 58. f5 Bc3 59. Kh5 Bb2 60. Kg4 Bc3 61. Kf3 Bb4 62. Ke4 Be7 63. f6+ Bxf6 64. gxf6+ Kxf6 65. Kd3 1/2-1/2

[Event "ESP-ch Rapid 2018"]
[Site "Linares"]
[Date "2018.08.19"]
[Round "5"]
[White "Gomez Fernandez, Alfredo"]
[Black "Fernandez Torre, Ivan"]
[Result "0-1"]
[ECO "A05"]
[WhiteElo "1827"]
[BlackElo "2128"]
[Annotator "NA"]
[PlyCount "86"]
[EventDate "2018.08.19"]
[EventType "team-tourn"]
[EventCountry "ESP"]
[SourceTitle "playchess.com"]
[Source "ChessBase"]
[SourceQuality "1"]
[TimeControl "900+5"]

1. Nf3 Nf6 2. g3 g6 3. Bg2 Bg7 4. O-O O-O 5. d3 d6 6. e4 e5 7. Nbd2 h6 8. Re1 c5 9. Nf1 Nc6 10. c3 Be6 11. Ne3 b5 12. Bd2 Qd7 13. a3 a5 14. Rb1 a4 15. h4 Ng4 16. Nh2 Nxe3 17. Bxe3 h5 18. Qd2 Kh7 19. Nf3 f6 20. d4 cxd4 21. cxd4 Na5 22. d5 Bg4 23. Qb4 Rfc8 24. Nh2 Rc4 25. Qd2 Bh3 26. Bh1 Qc7 27. Qd3 Bd7 28. Nf3 Bh6 29. Bxh6 Kxh6 30. Qe3+ Kg7 31. Bg2 Rc8 32. Nd2 Rc2 33. Bf1 Qc5 34. Qd3 Nb3 35. Red1 Bg4 36. Be2 Nd4 37. Bxg4 hxg4 38. Qe3 Nf3+ 39. Nxf3 Qxe3 40. fxe3 gxf3 41. Rf1 Rg2+ 42. Kh1 Rxg3 43. Rg1 Rh3# 0-1

[Event "ESP-ch Rapid 2018"]
[Site "Linares"]
[Date "2018.08.19"]
[Round "6"]
[White "Ljubojevic, Ljubomir"]
[Black "Sande Edreira, Jose Antonio"]
[Result "1/2-1/2"]
[ECO "E91"]
[WhiteElo "2571"]
[BlackElo "2230"]
[Annotator "ChessBase"]
[PlyCount "110"]
[EventDate "2018.08.19"]
[EventType "team-tourn"]
[EventCountry "ESP"]
[SourceTitle "playchess.com"]
[Source "ChessBase"]
[SourceQuality "1"]
[TimeControl "900+5"]

1. c4 g6 2. d4 Bg7 3. Nf3 Nf6 4. Nc3 O-O 5. e4 d6 6. Be2 c5 7. O-O cxd4 8. Nxd4 Nc6 9. Be3 Bd7 10. Qd2 Nxd4 11. Bxd4 Bc6 12. f3 a5 13. b3 Nd7 14. Be3 Nc5 15. Rab1 e6 16. Bd1 Be5 17. Bc2 Qh4 18. g3 Qe7 19. a3 Rfd8 20. b4 axb4 21. axb4 Ra3 22. Ne2 Na4 23. Bxa4 Rxa4 24. Bg5 Bf6 25. Bxf6 Qxf6 26. Qb2 Qg5 27. Nc3 Ra7 28. Rbd1 Qe3+ 29. Kg2 b6 30. Rf2 f5 31. exf5 Rf7 32. Qd2 Qxd2 33. Rfxd2 Rxf5 34. Rxd6 Bxf3+ 35. Kg1 Rdf8 36. Rf1 Rc8 37. Rxe6 Rxc4 38. Re3 Bg4 39. Rxf5 Bxf5 40. b5 Rc5 41. h4 Kf8 42. Kf2 Bd7 43. Kf3 Bxb5 44. Nxb5 Rxb5 45. Re6 Rf5+ 46. Ke4 b5 47. Rc6 Kg7 48. g4 Rf6 49. Rc5 Rb6 50. Rc7+ Kf6 51. g5+ Ke6 52. Rxh7 Rc6 53. h5 Rc4+ 54. Kd3 gxh5 55. Rxh5 Ke5 {Ke4+} 1/2-1/2